AoeStats
← DippityDang

African Clearing

510440395Analyzed
4v4 RM · 2d ago on Oct 1, 2026· 45m 9s· 8 players
Game mode
Random Map
Map size
Large (8 player)
Population
200
Speed
Normal
Resources
Standard
Victory
Conquest
Starting age
Dark Age
Ending age
Imperial Age
RankedLock teamsTeams togetherTeam positionsShared explorationLock speedFull tech treeHidden civsTurbo modeCheats
Victory
Defeat
🇮🇹 Mongols · Italy
1819
+11
🇧🇷 Vikings · Brazil
1799
+11
🇺🇸 Koreans · United States
1646
+17
🇨🇳 Maya · China
1639
+19
🇧🇾 Huns · Belarus
1773
-17
🇷🇺 Hindustanis · Russia
1763
-17
🇷🇺 Varangians · Russia
1742
-17
🇷🇺 Khmer · Russia
1469
-7
Oni.Vinchester
12:55 Feudal Age
11:15 Loom
14:24 Feudal Age
14:47 Man-at-Arms
18:42 Castle Age
17:21 Double-Bit Axe
17:48 Fletching
23:14 Bodkin Arrow
28:08 Bow Saw
29:09 Horse Collar
35:46 Wheelbarrow
35:46 Bloodlines
36:17 Ballistics
36:06 Town Watch
37:45 Hand Cart
37:26 Gold Mining
38:04 Husbandry
38:43 Thumb Ring
38:50 Padded Archer Armor
44:26 Imperial Age
42:33 Scale Barding Armor
42:35 Marauders
43:37 Forging
44:49 Chain Barding Armor
45:12 Iron Casting
TRMA | The_Beatleman
11:27 Feudal Age
11:11 Loom
13:00 Double-Bit Axe
20:18 Castle Age
19:21 Bloodlines
19:02 Fletching
21:09 Husbandry
21:06 Bodkin Arrow
21:23 Bow Saw
21:37 Padded Archer Armor
23:18 Ballistics
24:21 Leather Archer Armor
36:14 Wheelbarrow
37:54 Horse Collar
40:18 Hand Cart
45:41 Imperial Age
SMY
6:15 Loom
15:38 Feudal Age
22:55 Castle Age
21:22 Double-Bit Axe
22:25 Fletching
23:49 Bow Saw
29:29 Horse Collar
31:29 Scale Mail Armor
35:14 Chain Mail Armor
35:55 Squires
37:45 Forging
39:34 Iron Casting
40:18 Wheelbarrow
41:03 Gold Mining
41:30 Hand Cart
41:14 Town Watch
44:49 Imperial Age
43:16 Gold Shaft Mining
42:48 Heavy Plow
43:11 Arson
43:38 Stone Mining
44:53 Elite Ghulam
4ndr3w
7:18 Loom
12:31 Feudal Age
13:09 Double-Bit Axe
13:13 Loom
21:42 Castle Age
21:04 Fletching
22:36 Husbandry
22:46 Bloodlines
28:09 Bow Saw
29:15 Scale Barding Armor
38:07 Horse Collar
38:31 Bodkin Arrow
39:57 Chain Barding Armor
DippityDang
12:35 Feudal Age
16:31 Castle Age
14:30 Double-Bit Axe
16:32 Loom
17:27 Bow Saw
17:27 Horse Collar
22:12 Fletching
25:11 Bodkin Arrow
29:16 Ballistics
30:10 Husbandry
39:52 Imperial Age
38:25 Wheelbarrow
38:36 Gold Mining
39:03 Stone Mining
40:36 Bracer
41:40 Chemistry
42:14 Conscription
42:35 Elite Skirmisher
43:20 Thumb Ring
44:07 Gold Shaft Mining
OS+ | 青田龙
12:12 Loom
14:11 Feudal Age
15:53 Double-Bit Axe
18:27 Castle Age
17:06 Fletching
17:08 Fishing Lines
19:25 Bodkin Arrow
21:50 Bow Saw
23:03 Padded Archer Armor
22:59 Horse Collar
25:02 Wheelbarrow
25:11 Heavy Plow
27:41 Town Watch
29:54 Thumb Ring
31:16 Stone Mining
31:42 Nomads
32:36 Husbandry
32:46 Bloodlines
32:53 Gold Mining
37:32 Imperial Age
36:06 Leather Archer Armor
35:57 Scale Barding Armor
36:34 Gold Shaft Mining
36:47 Hand Cart
39:02 Bracer
39:59 Conscription
40:24 Stone Shaft Mining
40:42 Ballistics
41:22 Chemistry
40:36 Elite Mangudai
41:59 Parthian Tactics
42:35 Coinage
42:40 Siege Engineers
44:27 Banking
44:11 Forging
43:23 Capped Ram
44:43 Onager
Bz_青红
12:20 Feudal Age
16:18 Castle Age
15:00 Double-Bit Axe
16:16 Loom
16:17 Town Watch
17:23 Bow Saw
19:51 Fishing Lines
20:34 Fletching
21:55 Bodkin Arrow
24:07 Padded Archer Armor
25:42 Gillnets
27:17 Ballistics
29:55 Wheelbarrow
35:32 Imperial Age
34:13 Scale Mail Armor
34:00 Eagle Warrior
34:23 Horse Collar
35:52 Gold Mining
36:18 Chain Mail Armor
37:08 Holcans
37:01 Conscription
36:04 Elite Eagle Warrior
37:30 Plate Mail Armor
38:09 Holcans
38:26 Forging
38:19 Squires
38:06 Arson
41:45 Iron Casting
42:42 Coinage
43:56 Blast Furnace
APZz_
7:19 Loom
19:23 Feudal Age
43:24 Horse Collar
43:30 Double-Bit Axe
Connection lost

Rejoining the realm…

Still unreachable

The connection could not be restored.

Session expired

The server has moved on; the page needs a fresh start.